 Dungeon Sprint DCSS version 0.16-a0-3873-g452e4d5 (webtiles) character file.

5541 BluebellGnoll the Warrior (level 10, -20/143 HPs)
             Began as a Hill Orc Healer on Jan 31, 2015.
             Was a High Priest of Elyvilon.
             Killed from afar by a thorn hunter (49 damage)
             ... with a volley of thorns
             ... in the Dungeon (Sprint V: "Ziggurat Sprint") on Feb 1, 2015.
             The game lasted 00:21:53 (955 turns).

BluebellGnoll the Warrior (Hill Orc Healer)          Turns: 955, Time: 00:21:54

Health: -20/143    AC: 20    Str: 18    XL:     10   Next: 71%
Magic:  11/41      EV:  3    Int: 17    God:    Elyvilon [*****.]
Gold:   0          SH: 30    Dex: 17    Spells: 3 memorised, 3 levels left

rFire  + + .     SeeInvis +     G - +4 broad axe (chop)
rCold  x . .     Clarity  .     J - +5 fire dragon armour
rNeg   + . .     SustAb   .     M - +18 shield of the gong {rElec rN+ MR+ EV-5}
rPois  +         Gourm    .     Q - +2 helmet {SInv}
rElec  +         Spirit   .     R - +0 cloak {MR+}
rCorr  .         Warding  .     (no gloves)
rMut   .         NoTele   +     (no boots)
MR     ++...                    (no amulet)
Stlth  ..........               S - ring of Ducezaf {rPois+ MP+9 Int+5}
                                n - +6 ring of dexterity

@: lethally poisoned, divinely vigorous, grasped by roots, very slightly
contaminated, hasted, studying Stealth, repel missiles, quick, very resistant to
hostile enchantments, extremely unstealthy
A: no striking features
a: Lesser Healing, Divine Protection, Heal Other, Purification, Greater Healing,
Divine Vigour, Renounce Religion


You were in the Dungeon.
You worshipped Elyvilon.
Elyvilon was extremely pleased with you.
You were near starving.

You visited 1 branch

Inventory:

Hand weapons
 G - a +4 broad axe of chopping (weapon)
 N - a +5 broad axe of venom
Armour
 J - a +5 fire dragon armour (worn)
 K - a +5 gold dragon armour
 L - a +5 ice dragon armour
 M - the +18 shield of the gong (worn) {rElec rN+ MR+ EV-5}
   (You found it in the Dungeon)

   It affects your evasion (-5).
   It insulates you from electricity.
   It protects you from negative energy.
   It affects your resistance to hostile enchantments.
 Q - a +2 helmet of see invisible (worn)
 R - a +0 cloak of magic resistance (worn)
Magical staves
 l - an uncursed staff of energy
Jewellery
 n - a +6 ring of dexterity (left hand)
 p - a +6 ring of intelligence
 s - the ring of Dim Light {Fire Int+4}
   (You found it in the Dungeon)

   [ring of fire]

   It enhances your fire magic, and weakens your ice magic.
   It affects your intelligence (+4).
   It protects you from fire.
   It makes you vulnerable to cold.
 S - the ring of Ducezaf (right hand) {rPois+ MP+9 Int+5}
   (You found it in the Dungeon)

   [ring of magical power]

   It affects your intelligence (+5).
   It protects you from poison.
   It affects your magic capacity (+9).
 Y - an uncursed ring of positive energy
Magical devices
 i - a wand of disintegration (7)
 j - a wand of fire (1)
 k - a wand of cold (4)
Scrolls
 h - 3 scrolls of blinking
 v - 4 scrolls of amnesia
 w - 3 scrolls of recharging
 x - 8 scrolls of fog
 y - 2 scrolls of holy word
 z - 5 scrolls of identify
 A - 5 scrolls of remove curse
 B - 2 scrolls of fear
Potions
 b - 11 potions of curing
 c - 11 potions of heal wounds
 e - 5 potions of haste
 f - 7 potions of magic
 g - 3 potions of berserk rage
 C - 2 potions of brilliance
 D - 2 potions of invisibility
 E - 2 potions of restore abilities
 F - 4 potions of resistance
 H - 5 potions of agility
 I - 5 potions of might
Books
 q - a book of Clouds

   Spells                             Type                      Level
   a - Mephitic Cloud                 Conjuration/Poison/Air       3
   b - Conjure Flame                  Conjuration/Fire             3
   c - Poisonous Cloud                Conjuration/Poison/Air       6
   d - Freezing Cloud                 Conjuration/Ice/Air          6
   e - Ring of Flames                 Charms/Fire                  7
 O - a book of Battle

   Spells                             Type                      Level
   a - Infusion                       Charms                       1
   b - Shroud of Golubria             Charms/Translocation         2
   c - Song of Slaying                Charms                       2
   d - Spectral Weapon                Hexes/Charms                 3
   e - Regeneration                   Charms/Necromancy            3
 T - a book of Callings

   Spells                             Type                      Level
   a - Summon Small Mammal            Summoning                    1
   b - Call Imp                       Summoning                    2
   c - Call Canine Familiar           Summoning                    3
   d - Summon Guardian Golem          Hexes/Summoning              4
   e - Summon Lightning Spire         Summoning/Air                4
   f - Summon Ice Beast               Ice/Summoning                4
 V - a book of Summonings

   Spells                             Type                      Level
   a - Abjuration                     Summoning                    3
   b - Recall                         Summoning/Translocation      3
   c - Shadow Creatures               Summoning                    5
   d - Summon Demon                   Summoning                    5
   e - Summon Forest                  Summoning/Translocation      5
   f - Monstrous Menagerie            Summoning                    6
 X - a manual of Stealth
Miscellaneous
 m - a crystal ball of energy
 o - a sack of spiders
 r - a phial of floods (inert)
 P - a box of beasts
 U - a phial of floods (inert)
Comestibles
 a - 6 chunks of flesh
 d - 6 meat rations
 t - 36 fruits
 u - 4 bread rations


   Skills:
 - Level 19.2 Fighting
 - Level 5.7 Axes
 - Level 8.0 Armour
 - Level 1.5 Dodging
 - Level 11.1 Shields
 + Level 7.5 Charms
 - Level 13.6 Invocations
 - Level 7.6 Evocations


You had 3 spell levels left.
You knew the following spells:

 Your Spells              Type           Power        Failure   Level  Hunger
a - Apportation           Tloc           #.........   95%         1    ##.....
b - Repel Missiles        Chrm/Air       ##....       47%         2    ###....
c - Spectral Weapon       Hex/Chrm       ##......     86%         3    ####...


Dungeon Overview and Level Annotations

Branches:
Dungeon (1/1)

Altars:
Ashenzari
Cheibriados
Dithmenos
Elyvilon
Fedhas
Gozag
Kikubaaqudgha
Makhleb
Nemelex Xobeh
Okawaru
Qazlal
Ru
Sif Muna
Trog
Vehumet
Xom
Yredelemnul
Zin
The Shining One
Beogh
Jiyva
Lugonu


Message History

BONNNG!
You block the thorn hunter's attack.
GONNNNG!
You block the thorn hunter's attack.
BOUMMMMG!
Unknown command.
Use which ability? (? or * to list)
You are healed.
You are near starving!
You feel very sick. You block the redback's attack.
PTOANNNG!
You block the spriggan rider's attack.
PANG!
The spriggan berserker hits you with an antimagic rapier!
* * * LOW HITPOINT WARNING * * *
You feel your power leaking away.
The thorn hunter fires a volley of thorns at you.
The volley of thorns hits you!
You die...

▓▓▓▓▓▓▓▓▓▓▓▓▓▓▓▓▓▓▓
8©8...▓h..8©8...▓
::["}..▓i...:[...▓
..).[[).P▓...=[.:..▓
▓........P▓....:....▓
▓.........▓.........▓
▓.......f.▓.........▓
▓......ifs▓.........▓
▓...≈≈iY@i▓...[÷[...▓
▓.▓.≈≈)f▓.▓...[.....▓
▓...≈≈≈≈..▓▓▓▓▓▓▓▓▓▓▓
▓▓▓▓▓▓▓▓▓▓▓


You could see 2 thorn hunters, a shambling mangrove, a spriggan defender, a
spriggan rider, a spriggan berserker (berserk), a yak and a redback.

Vanquished Creatures
  5 draconians (D)
  3 jumping spiders (D)
  An ancient zyme (D)
  A tarantella (D)
  3 spriggans (D)
  An insubstantial wisp (D)
  2 wolves (D)
  An eye of draining (D)
  A phantom (D)
  A scorpion (D)
  3 iron imps (D)
  2 shadow imps (D)
  2 giant mites (D)
  A white imp (D)
  A giant eyeball (D)
  2 adder skeletons (D)
  4 oozes (D)
  A bat skeleton (D)
  A giant cockroach zombie (D)
  A giant gecko skeleton (D)
  A fungus (D)
38 creatures vanquished.

Vanquished Creatures (others)
  A spriggan air mage (D)
  A spriggan berserker (D)
  A water elemental (D)
  A blue devil (D)
  A deep elf priest (D)
  2 wolves (D)
  A crimson imp (D)
  A white imp (D)
  An ufetubus (D)
  A giant gecko zombie (D)
11 creatures vanquished.

Grand Total: 49 creatures vanquished

Notes
Turn   | Place    | Note
--------------------------------------------------------------
     0 | D        | BluebellGnoll, the Hill Orc Healer, began the quest for the Orb.
     0 | D        | Reached XP level 1. HP: 16/16 MP: 2/2
     0 | D        | Found a viscous altar of Jiyva.
     0 | D        | Found a corrupted altar of Lugonu.
     0 | D        | Found a white marble altar of Elyvilon.
     2 | D        | Found a sparkling altar of Nemelex Xobeh.
     2 | D        | Found a burning altar of Makhleb.
     2 | D        | Found a deep blue altar of Sif Muna.
     3 | D        | Found a bloodstained altar of Trog.
     7 | D        | Found an iron altar of Okawaru.
    15 | D        | Acquired Elyvilon's third power
    16 | D        | Found a radiant altar of Vehumet.
    19 | D        | Found a basalt altar of Yredelemnul.
    20 | D        | Found a shimmering altar of Xom.
    76 | D        | Reached skill level 8 in Armour
    76 | D        | Reached XP level 2. HP: 23/23 MP: 4/4
    77 | D        | Entered arena 1.
    79 | D        | Acquired Elyvilon's fifth power
    97 | D        | Reached skill level 1 in Axes
   126 | D        | Entered arena 2.
   126 | D        | Noticed an iron imp
   126 | D        | Noticed an iron imp
   133 | D        | Killed an iron imp
   133 | D        | Reached XP level 3. HP: 29/33 MP: 0/5
   135 | D        | Killed an iron imp
   135 | D        | Reached skill level 5 in Fighting
   135 | D        | Reached skill level 5 in Axes
   135 | D        | Reached XP level 4. HP: 25/42 MP: 1/7
   146 | D        | Entered arena 3.
   146 | D        | Noticed a jumping spider
   146 | D        | Noticed a scorpion
   150 | D        | Reached skill level 5 in Invocations
   151 | D        | Killed a scorpion
   151 | D        | Reached XP level 5. HP: 26/48 MP: 2/13
   152 | D        | HP: 1/48 [jumping spider (11)]
   155 | D        | Killed a jumping spider
   155 | D        | Reached skill level 13 in Invocations
   155 | D        | Reached XP level 6. HP: 29/56 MP: 1/20
   277 | D        | Entered arena 4.
   277 | D        | Noticed a hell hound
   279 | D        | Pacified a hell hound
   308 | D        | Entered arena 5.
   308 | D        | Noticed a deep elf conjurer
   308 | D        | Noticed a deep elf priest
   308 | D        | Noticed a deep elf summoner
   308 | D        | Noticed a troll
   310 | D        | Pacified a troll
   310 | D        | Reached XP level 7. HP: 47/61 MP: 18/22
   311 | D        | Noticed a tarantella
   311 | D        | Noticed a jumping spider
   311 | D        | Noticed a jumping spider
   312 | D        | Pacified a deep elf summoner
   312 | D        | Killed a deep elf priest
   315 | D        | Pacified a deep elf conjurer
   315 | D        | Reached XP level 8. HP: 32/68 MP: 11/23
   325 | D        | Killed a tarantella
   329 | D        | Noticed a baby alligator
   329 | D        | a troll changed into a baby alligator
   330 | D        | Killed a jumping spider
   332 | D        | Killed a jumping spider
   352 | D        | Noticed a two-headed ogre
   352 | D        | a baby alligator changed into a two-headed ogre
   361 | D        | Noticed an unseen horror
   361 | D        | a two-headed ogre changed into an unseen horror
   366 | D        | Noticed a fire crab
   366 | D        | an unseen horror changed into a fire crab
   410 | D        | Noticed a jumping spider
   410 | D        | a fire crab changed into a jumping spider
   416 | D        | a jumping spider changed into a tarantella
   456 | D        | Noticed a snapping turtle
   456 | D        | a redback changed into a snapping turtle
   476 | D        | Entered arena 6.
   476 | D        | Noticed an eye of draining
   479 | D        | Paralysed by a giant eyeball for 3 turns
   488 | D        | Killed an eye of draining
   500 | D        | Learned a level 1 spell: Apportation
   609 | D        | Entered arena 7.
   609 | D        | Noticed a phantom
   609 | D        | Noticed a wight
   610 | D        | Pacified a wight
   618 | D        | Killed a phantom
   625 | D        | Got the ring of Ducezaf {rPois+ MP+9 Int+5}
   632 | D        | Entered arena 8.
   632 | D        | Noticed a green draconian
   632 | D        | Noticed a draconian
   632 | D        | Noticed a draconian
   632 | D        | Noticed a draconian
   632 | D        | Noticed a draconian
   632 | D        | Noticed a draconian
   632 | D        | Noticed a draconian
   633 | D        | Pacified a green draconian
   633 | D        | Reached skill level 14 in Fighting
   633 | D        | Reached XP level 9. HP: 77/95 MP: 23/25
   636 | D        | Pacified a draconian
   636 | D        | Reached skill level 15 in Fighting
   648 | D        | Killed a draconian
   648 | D        | Reached skill level 16 in Fighting
   648 | D        | Killed a draconian
   648 | D        | Reached skill level 17 in Fighting
   651 | D        | Killed a draconian
   651 | D        | Reached skill level 18 in Fighting
   652 | D        | Killed a draconian
   655 | D        | Killed a draconian
   655 | D        | Reached skill level 19 in Fighting
   655 | D        | Reached XP level 10. HP: 55/115 MP: 22/26
   676 | D        | Identified the Volume of Boosting Lightness (You found it in the Dungeon)
   758 | D        | Entered arena 9.
   758 | D        | Noticed an iron imp
   758 | D        | Noticed an orange demon
   758 | D        | Noticed a crimson imp
   758 | D        | Noticed an ancient zyme
   758 | D        | Noticed an insubstantial wisp
   758 | D        | Noticed a blue devil
   762 | D        | Pacified an orange demon
   763 | D        | Killed a crimson imp
   765 | D        | Killed an ancient zyme
   765 | D        | Killed an iron imp
   773 | D        | Killed a blue devil
   777 | D        | Killed an insubstantial wisp
   821 | D        | Learned a level 2 spell: Repel Missiles
   839 | D        | Entered arena 10.
   839 | D        | Noticed a spriggan
   839 | D        | Noticed a wolf
   839 | D        | Noticed a spriggan
   839 | D        | Noticed a wolf
   839 | D        | Noticed a wolf
   839 | D        | Noticed a wolf
   839 | D        | Noticed a wolf
   839 | D        | Noticed a spriggan rider
   839 | D        | Noticed a spriggan
   841 | D        | Pacified a wolf
   841 | D        | Reached skill level 1 in Charms
   842 | D        | Pacified a wolf
   842 | D        | Killed a wolf
   844 | D        | Pacified a wolf
   845 | D        | Pacified a spriggan rider
   846 | D        | Killed a wolf
   846 | D        | Killed a wolf
   848 | D        | Killed a wolf
   849 | D        | Killed a spriggan
   849 | D        | Reached skill level 5 in Charms
   855 | D        | Killed a spriggan
   858 | D        | Killed a spriggan
   875 | D        | Got the ring of Dim Light {Fire Int+4}
   910 | D        | Learned a level 3 spell: Spectral Weapon
   912 | D        | Upgraded the game from 0.16-a0-3855-gd2600ac to 0.16-a0-3873-g452e4d5
   937 | D        | Identified Sif Muna's Handbook of Good Luck (You found it in the Dungeon)
   942 | D        | Entered arena 11.
   942 | D        | Noticed a spriggan air mage
   942 | D        | Noticed a redback
   942 | D        | Noticed a spriggan berserker
   942 | D        | Noticed a spriggan defender
   942 | D        | Noticed a thorn hunter
   942 | D        | Noticed a yak
   942 | D        | Noticed a spriggan rider
   942 | D        | Noticed a thorn hunter
   943 | D        | Noticed a spriggan berserker
   944 | D        | Noticed a shambling mangrove
   944 | D        | Pacified a spriggan air mage
   951 | D        | a spriggan berserker (ally) was killed
   952 | D        | Killed a spriggan air mage
   955 | D        | Killed from afar by a thorn hunter

Action                   |  1- 3 |  4- 6 |  7- 9 | 10-12 || total
-------------------------+-------+-------+-------+-------++-------
Melee: Unarmed           |    16 |       |       |       ||    16
       Broad axe         |     6 |    10 |    51 |    29 ||    96
 Cast: Repel Missiles    |       |       |       |     1 ||     1
Invok: Heal Other        |     3 |     4 |     8 |    11 ||    26
       No ability        |     3 |       |     5 |     4 ||    12
       Greater Healing   |       |     1 |       |     1 ||     2
       Lesser Healing    |       |     2 |     2 |     2 ||     6
       Divine Vigour     |       |       |       |     3 ||     3
       Purification      |       |       |       |     1 ||     1
Evoke: Wand              |       |     5 |       |       ||     5
       Phial of floods ( |       |       |       |     1 ||     1
       Phantom mirror    |       |       |       |     1 ||     1
  Use: Potion            |     1 |       |       |     1 ||     2
       Scroll            |       |       |     1 |     2 ||     3
  Eat: Chunk             |       |     1 |     1 |     8 ||    10
       Fruit             |       |       |     5 |     1 ||     6
